 Dungeon Crawl Stone Soup version 0.27-a0-59-gfbafd837a3 (webtiles) character file.

Game seed: 10448212943764858445

772 wakim the Conjurer (level 7, 0/36 HPs)
             Began as a Deep Elf Conjurer on Jan 8, 2021.
             Killed from afar by Dowan (15 damage)
             ... with a shard of ice
             ... on level 5 of the Dungeon.
             The game lasted 00:16:36 (3640 turns).

wakim the Conjurer (Deep Elf Conjurer)              Turns: 3640, Time: 00:16:37

Health: 0/36       AC:  4    Str:  4    XL:     7   Next: 53%
Magic:  13/18      EV: 13    Int: 25    God:
Gold:   274        SH:  0    Dex: 13    Spells: 12/18 levels left

rFire    . . .     SeeInvis .   a - +0 short sword
rCold    . . .     Faith    .   (no shield)
rNeg     . . .     Spirit   .   h - +0 robe
rPois    .         Reflect  .   m - +2 hat
rElec    .         Harm     .   (no cloak)
rCorr    .         Rampage  .   (no gloves)
Will     .....                  (no boots)
Stlth    +++.......             u - amulet of magic regeneration
HPRegen  0.12/turn              (no ring)
MPRegen  0.41/turn              (no ring)

@: lethally poisoned (0 -> -2)
A: no striking features
a: no special abilities


You were on level 5 of the Dungeon.
You visited 1 branch of the dungeon, and saw 6 of its levels.

You collected 274 gold pieces.

Inventory:

Hand Weapons
 a - a +0 short sword (weapon)
Armour
 h - a +0 robe (worn)
 m - a +2 hat (worn)
Jewellery
 u - an amulet of magic regeneration (around neck)
Wands
 t - a wand of digging (7)
Scrolls
 c - 4 scrolls of identify
 f - 2 scrolls of teleportation {unknown}
 n - a scroll of remove curse
Potions
 b - 2 potions of brilliance {unknown}
 d - 4 potions of curing
 e - a potion of degeneration {unknown}
 i - a potion of might {unknown}
 j - 2 potions of haste
 o - a potion of heal wounds {unknown}
 p - a potion of invisibility {unknown}
 q - a potion of berserk rage {unknown}
 s - a potion of resistance {unknown}


   Skills:
 - Level 2.4 Dodging
 + Level 5.1 Stealth
 * Level 6.4 Spellcasting
 * Level 6.9 Conjurations
 + Level 3.3 Hexes
 + Level 2.8 Fire Magic


You had 12 spell levels left.
You knew the following spells:

 Your Spells              Type           Power        Failure   Level
a - Magic Dart            Conj           100%         1%          1
b - Searing Ray           Conj           84%          1%          2
c - Dazzling Flash        Conj/Hex       66%          2%          3

Your spell library contained the following spells:

 Spells                   Type           Power        Failure   Level
 Confusing Touch          Hex            24%          5%          3
 Fulminant Prism          Conj/Hex       16%          9%          4
 Ignite Poison            Fire/Tmut/Pois 12%          14%         3
 Iskenderun's Mystic Bla  Conj/Tloc      25%          17%         4
 Gell's Gravitas          Tloc           4%           22%         3
 Fireball                 Conj/Fire      16%          26%         5
 Petrify                  Tmut/Erth      8%           56%         4
 Metabolic Englaciation   Hex/Ice        8%           69%         5
 Yara's Violent Unravell  Hex/Tmut       8%           69%         5
 Starburst                Conj/Fire      16%          82%         6
 Ignition                 Fire           11%          100%        8


Dungeon Overview and Level Annotations

Branches:
Dungeon (6/15)
 Temple: D:4-7

Altars:
Ashenzari

Annotations:
D:4 1 runed translucent door, ThereIsNoGod's ghost, novice DrTm
D:5 Dowan


Message History

(Press . to maintain the ray.)
Your Stealth skill increases to level 5!
The searing ray hits the worker ant!
You kill the worker ant!
A leopard gecko comes into view.
Dowan seems to find hidden reserves of power!
Items here: ! ) [ †.
Casting: Searing Ray (safe; 1% risk of failure)
Confirm with . or Enter, or press ? or * to list all spells.
Aiming: Searing Ray (safe; 1% risk of failure)
Press: ? - help, Shift-Dir - straight line, f - Dowan
Aim: Dowan, wielding a +0 dagger, wearing a +0 robe and carrying a wand of flame (17) (wandering, fast, hasn't noticed you, 25% to evade)
The searing ray hits Dowan.
Dowan is lightly wounded.
Dowan shouts! (Press . to maintain the ray.)
You feel sick. Dowan casts a spell at you. The shard of ice hits you!
You die...

*,,.........†......**
**,........)........#
**.................#
*#................#
**#....).........## ##
##...#.........e## ***** .##
###.#...........#######.,,*
..#########........#,,#.....l..,,
........).).....@.##*,.........,,
...............##..##*.....B...,,
............#####...###..e.....,,
.........####*#...#..##........,,
......#### *#..l..##..#........,,
....### *#.......##.......$..,,
..### *.......l*##.........,, ###
*........* #.........,* #
*<.......# ##........,+


You could see Dowan (fast) and a leopard gecko.

Vanquished Creatures
  Duvessa (D:5)
  2 ogres
  A bullfrog (D:6)
  A scorpion (D:3)
  A quasit (D:6)
  A gnoll shaman (D:4)
  A jelly (D:6)
  3 orc wizards
  An iguana (D:6)
  A worker ant (D:5)
  A howler monkey zombie (D:6)
  3 gnolls (D:4)
  3 adders
  A shadow imp (D:6)
  2 oozes
  2 worms (D:3)
  2 dart slugs
  2 leopard geckos
  6 orcs
  2 ball pythons
  4 giant cockroaches
  7 goblins
  4 hobgoblins
  4 jackals (D:3)
  5 kobolds
  3 quokkas
  6 bats
  3 frilled lizards
  8 rats
81 creatures vanquished.

Notes
Turn   | Place    | Note
-------+----------+-------------------------------------------
     0 | D:1      | wakim the Deep Elf Conjurer began the quest for the Orb.
     0 | D:1      | Reached XP level 1. HP: 10/10 MP: 6/6
   397 | D:1      | Reached XP level 2. HP: 15/15 MP: 2/8
   718 | D:1      | Learned a level 2 spell: Searing Ray
   894 | D:2      | Found a broken altar of Ashenzari.
  1089 | D:2      | Reached skill level 5 in Conjurations
  1089 | D:2      | Reached XP level 3. HP: 19/19 MP: 6/10
  2071 | D:2      | Learned a level 3 spell: Dazzling Flash
  2107 | D:3      | Reached XP level 4. HP: 24/24 MP: 0/11
  2216 | D:3      | Found a faded altar of an unknown god.
  2383 | D:3      | Reached skill level 1 in Hexes
  2383 | D:3      | Reached skill level 1 in Fire Magic
  2383 | D:3      | Reached XP level 5. HP: 23/28 MP: 2/13
  3071 | D:4      | Noticed an ogre
  3086 | D:4      | Killed an ogre
  3087 | D:4      | Reached skill level 5 in Spellcasting
  3087 | D:4      | Reached XP level 6. HP: 15/32 MP: 2/15
  3187 | D:4      | Found a runed translucent door.
  3187 | D:4      | Noticed ThereIsNoGod's ghost (novice DrTm)
  3213 | D:4      | You fall into a shaft and drop 2 floors!
  3354 | D:5      | Entered Level 5 of the Dungeon
  3354 | D:5      | Noticed Duvessa
  3354 | D:5      | Noticed Dowan
  3373 | D:5      | Reached XP level 7. HP: 24/36 MP: 1/17
  3637 | D:5      | Killed Duvessa
  3638 | D:5      | Reached skill level 5 in Stealth
  3640 | D:5      | Killed from afar by Dowan

Illustrated notes

Levels and vault maps discovered:
D:1:      dpeg_arrival_round_b, layout_basic, corexii_hall_statues_i,
          chequers_serial_rivers_micro_b
D:2:      minmay_wonky_spiral, layout_loops_corners,
          nicolae_ashenzari_panopticon, minivault_5
D:3:      layout_basic, chequers_ecumenical_altar_simple
D:4:      layout_basic, overflow_temple_1_default,
          minmay_temple_entry_crystal_x, gammafunk_ghost_grave
D:5:      layout_cave_pods, lemuel_round_altar, nicolae_ossuary_entry_plus,
          uniq_duvessa, uniq_edmund
D:6:      layout_cave_pools, fountainhead, minmay_door_square

Skill      XL: |  1  2  3  4  5  6  7 |
---------------+----------------------+-----
Stealth        | 3 4 5 |  5.1
Conjurations   | 5 6 |  6.9
Spellcasting   | 4 5 6 |  6.4
Hexes          | 1 2 3 |  3.3
Fire Magic     | 1 2 |  2.8
Dodging        | |  2.4

Action                   |  1- 3 |  4- 6 |  7- 9 || total
-------------------------+-------+-------+-------++-------
Melee: Dagger            |     4 |       |       ||     4
       Short sword       |    11 |     8 |       ||    19
 Cast: Magic Dart        |    64 |    49 |     9 ||   122
       Searing Ray       |       |    12 |     6 ||    18
  Use: Scroll            |     2 |     1 |     4 ||     7
 Stab: Sleeping          |     1 |       |       ||     1
Armor: Robe              |       |     7 |       ||     7
Dodge: Dodged            |    15 |    14 |     2 ||    31

Table legend: (Time is in decaauts)
 A = Elapsed time spent in this place.
 B = Non-inter-level travel time spent in this place.
 C = Inter-level travel time spent in this place.
 D = Time resting spent in this place.
 E = Time spent auto-exploring this place.
 F = Levels seen in this place.
 G = Mean time per level.
                   A        B        C        D        E       F      G
               +--------+--------+--------+--------+--------+-----+--------+
         Total |   3640 |   3532 |    108 |    802 |   2160 |   6 |  606.7 |
       Dungeon |   3640 |   3532 |    108 |    802 |   2160 |   6 |  606.7 |
               +--------+--------+--------+--------+--------+-----+--------+

Top non-repeatable levels by time:
     D:2: 1353 daAuts
     D:3: 897 daAuts
     D:1: 718 daAuts
     D:5: 274 daAuts
     D:4: 243 daAuts
     D:6: 153 daAuts
